AoeStats
← Alexspiration

Arabia

507961867Analyzed
2v2 RM · 13d ago on Sep 20, 2026· 47m 0s· 4 players
Game mode
Random Map
Map size
Medium (4 player)
Population
200
Speed
Normal
Resources
Standard
Victory
Conquest
Starting age
Dark Age
Ending age
Imperial Age
RankedLock teamsTeams togetherTeam positionsShared explorationLock speedFull tech treeHidden civsTurbo modeCheats
Victory
Defeat
🇩🇪 Persians · Germany
1500
+9
🇮🇹 Tupi · Italy
1410
+12
🇩🇪 Italians · Germany
1341
-11
🇩🇪 Lithuanians · Germany
1329
-10
[GenX] Phoenix
7:33 Loom
9:47 Feudal Age
11:18 Double-Bit Axe
15:50 Fletching
19:53 Padded Archer Armor
24:33 Castle Age
22:55 Gold Mining
24:48 Crossbowman
25:25 Bodkin Arrow
25:54 Bow Saw
26:16 Horse Collar
27:11 Ballistics
27:28 Leather Archer Armor
28:30 Wheelbarrow
30:30 Hand Cart
31:27 Heavy Plow
40:53 Imperial Age
40:54 Arbalester
41:46 Curare
42:47 Chemistry
42:07 Bracer
43:20 Elite Blackwood Archer
44:47 Ring Archer Armor
Alexspiration
6:28 Loom
9:22 Feudal Age
10:15 Double-Bit Axe
17:11 Scale Barding Armor
18:10 Town Watch
20:04 Wheelbarrow
20:22 Bloodlines
24:01 Castle Age
22:15 Gold Mining
23:01 Forging
25:01 Chain Barding Armor
25:34 Iron Casting
24:21 Light Cavalry
25:44 Husbandry
31:12 Horse Collar
31:50 Stone Mining
39:36 Imperial Age
39:02 Hand Cart
39:22 Bow Saw
39:14 Cavalier
40:30 Plate Barding Armor
40:36 Conscription
41:24 Blast Furnace
41:16 Savar
46:45 Chemistry
leox
6:13 Loom
8:55 Feudal Age
14:47 Fletching
18:09 Padded Archer Armor
22:04 Double-Bit Axe
22:02 Horse Collar
25:37 Castle Age
23:51 Gold Mining
26:15 Bodkin Arrow
25:44 Crossbowman
26:53 Thumb Ring
27:50 Ballistics
28:40 Leather Archer Armor
31:15 Bow Saw
31:07 Heavy Plow
37:36 Imperial Age
35:14 Stone Mining
37:27 Town Watch
38:17 Wheelbarrow
37:40 Arbalester
38:30 Bracer
40:56 Chemistry
44:55 Ring Archer Armor
46:08 Elite Genoese Crossbowman
suzn
5:41 Loom
9:09 Feudal Age
16:01 Double-Bit Axe
22:52 Castle Age
20:56 Horse Collar
21:51 Scale Barding Armor
22:36 Forging
22:28 Gold Mining
23:57 Bloodlines
25:09 Chain Barding Armor
29:02 Wheelbarrow
29:37 Town Watch
33:43 Iron Casting
35:30 Husbandry
38:58 Hand Cart
40:41 Bow Saw
43:47 Imperial Age
44:13 Cavalier
Connection lost

Rejoining the realm…

Still unreachable

The connection could not be restored.

Session expired

The server has moved on; the page needs a fresh start.